 Dungeon Crawl Stone Soup version 0.30-a0-859-gf88a04b62d (webtiles) character file.

Game seed: 15398985228463568253

30 PLAYERX the Cruncher (level 3, -2/25 HPs)
             Began as a Gnoll Wanderer on Mar 6, 2023.
             Slain by a gnoll
             ... wielding a +0 halberd
              (12 damage)
             ... on level 2 of the Dungeon.
             The game lasted 00:03:09 (772 turns).

PLAYERX the Cruncher (Gnoll Wanderer)                Turns: 772, Time: 00:03:09

Health: -2/25      AC:  6    Str: 12    XL:     3   Next: 18%
Magic:  9/9        EV:  9    Int: 11    God:
Gold:   58         SH:  0    Dex: 12    Spells: 11/12 levels left

rFire   . . .      SeeInvis .    a - +2 quarterstaff
rCold   . . .      Faith    .    (shield currently unavailable)
rNeg    . . .      Spirit   .    b - +0 scale mail
rPois   .          Reflect  .    (no helmet)
rElec   .          Rampage  .    (no cloak)
rCorr   .                        (no gloves)
Will    .....                    (no boots) Stlth
                                 (no amulet)
HPRegen 0.24/turn                (no ring)
MPRegen 0.11/turn                (no ring)

@: no status effects
A: fangs 1, strong nose, distributed training
a: no special abilities


You were on level 2 of the Dungeon.
You visited 1 branch of the dungeon, and saw 2 of its levels.

You collected 58 gold pieces.

Inventory:

Hand Weapons
 a - a +2 quarterstaff (weapon)
Armour
 b - a +0 scale mail (worn)
Scrolls
 c - a scroll of fog
 d - a scroll of identify {unknown}
 f - a scroll of acquirement {unknown}
 i - a scroll of enchant armour {unknown}
 j - a scroll of immolation {unknown}
Potions
 e - 2 potions of curing {unknown}
 g - a potion of brilliance {unknown}
 h - a potion of attraction {unknown}
 k - a potion of magic {unknown}
 l - a potion of lignification {unknown}


   Skills:
 + Level 0.7 Fighting
 + Level 0.7 Short Blades
 + Level 0.7 Long Blades
 + Level 0.7 Axes
 + Level 0.7 Maces & Flails
 + Level 0.7 Polearms
 + Level 8.5 Staves
 + Level 0.7 Ranged Weapons
 + Level 0.7 Throwing
 + Level 2.6 Armour
 + Level 0.7 Dodging
 + Level 0.7 Stealth
 + Level 0.7 Shields
 + Level 0.7 Unarmed Combat
 + Level 5.0 Spellcasting
 + Level 0.5 Conjurations
 + Level 0.5 Hexes
 + Level 0.5 Summonings
 + Level 0.5 Necromancy
 + Level 0.5 Translocations
 + Level 3.7 Transmutations
 + Level 0.5 Fire Magic
 + Level 0.5 Ice Magic
 + Level 0.5 Air Magic
 + Level 0.5 Earth Magic
 + Level 0.5 Poison Magic
 + Level 0.9 Invocations
 + Level 2.6 Evocations


You had 11 spell levels left.
You knew the following spells:

 Your Spells              Type           Power      Damage    Failure   Level
a - Sting                 Tmut/Pois      28%        1d4       41%         1

Your spell library contained the following spells:

 Spells                   Type           Power      Damage    Failure   Level
 Spider Form              Tmut/Pois      7%         N/A       80%         3
 Portal Projectile        Hex/Tloc       6%         N/A       95%         3
 Tukima's Dance           Hex            3%         N/A       95%         3
 Vhi's Electric Charge    Tloc/Air       6%         N/A       95%         3
 Blade Hands              Tmut           5%         N/A       99%         5
 Arcjolt                  Conj/Air       1%         1d11      100%        5
 Maxwell's Capacitive Co  Air            1%         ∞         100%        8


Dungeon Overview and Level Annotations

Branches:
Dungeon (2/15)

Altars:


Innate Abilities, Weirdness & Mutations

You have very sharp teeth.
Your uncanny sense of smell can sniff out nearby items.
Your experience applies equally to all skills.


Message History

A dart slug comes into view.
Found 4 gold pieces.
The dart slug launches a dart at you.
The slug dart hits you but does no damage.
The dart slug launches a dart at you. The slug dart misses you.
The dart slug closely misses you.
You see here 6 boomerangs.
You sock the dart slug!
The dart slug is severely wounded.
The dart slug launches a dart at you. The slug dart hits you.
You thump the dart slug!
You kill the dart slug!
HP restored.
l - a dark potion You now have 58 gold pieces (gained 4).
Found a stone staircase leading up.
A rat comes into view.
Found an agate ring.
You hit the rat.
The rat is severely wounded.
The rat bites you but does no damage.
You sock the rat!
You kill the rat! 3 gnolls come into view.
Found a lumpy white potion.
The gnoll shouts!
A gnoll comes into view. It is wielding a +0 flail.
The gnoll moves out of view.
You see here a +6 ring of intelligence.
The gnoll shouts!
The gnoll hits you from afar with a +0 halberd.
The gnoll hits you but does no damage. The gnoll hits you with a +0 halberd!
You sock the gnoll!
The gnoll is heavily wounded.
The gnoll hits you but does no damage.
The gnoll hits you from afar with a +0 spear.
The gnoll hits you with a +0 halberd!
You die...

### ..# #.#
#.# ##.## #.gg
∆ #g.# #g@# ∆
∆ #..####
#..=..# #
#...#.######.#
##.........#<#
###.#.......#
#.#.###.###
....# #.###
##.### #...#


You could see 4 gnolls.

Vanquished Creatures
  An adder (D:2)
  2 dart slugs
  2 ball pythons
  An endoplasm (D:1)
  A goblin (D:1)
  A hobgoblin (D:1)
  3 kobolds (D:1)
  3 frilled lizards
  3 rats
  A spectral kobold (D:1)
18 creatures vanquished.

Notes
Turn   | Place    | Note
-------+----------+-------------------------------------------
     0 | D:1      | PLAYERX the Gnoll Wanderer began the quest for the Orb.
     0 | D:1      | PLAYERX set off with the following items: a +2
                  | quarterstaff, a +0 scale mail, a scroll of fog; and the
                  | following spell memorised: Sting; and the following spells
                  | available to memorise: Spider Form.
     0 | D:1      | Reached XP level 1. HP: 13/13 MP: 6/6
   117 | D:1      | Found a faded altar of an unknown god.
   133 | D:1      | Reached XP level 2. HP: 18/19 MP: 7/7
   688 | D:2      | Reached skill level 5 in Spellcasting
   688 | D:2      | Reached XP level 3. HP: 25/25 MP: 7/9
   772 | D:2      | Slain by a gnoll

Illustrated notes

Levels and vault maps discovered:
D:1:      mushboom_english_gardens, layout_basic,
          dreamdust_ecumenical_altar_drowned_temple
D:2:      minmay_razor_zed, layout_loops_ring, basic_altar

Skill      XL: |  1  2 |
---------------+-------+-----
Spellcasting   | 5 |  5.0
Fighting       | |  0.7
Short Blades   | |  0.7
Long Blades    | |  0.7
Axes           | |  0.7
Maces & Flails | |  0.7
Polearms       | |  0.7
Staves         | |  8.5
Ranged Weapons | |  0.7
Throwing       | |  0.7
Armour         | |  2.6
Dodging        | |  0.7
Stealth        | |  0.7
Shields        | |  0.7
Unarmed Combat | |  0.7
Conjurations   | |  0.5
Hexes          | |  0.5
Summonings     | |  0.5
Necromancy     | |  0.5
Translocations | |  0.5
Transmutations | |  3.7
Fire Magic     | |  0.5
Ice Magic      | |  0.5
Air Magic      | |  0.5
Earth Magic    | |  0.5
Poison Magic   | |  0.5
Invocations    | |  0.9
Evocations     | |  2.6

Action                     || total
---------------------------++-------
  Melee: Quarterstaff      ||    44
         Bite              ||     3
 Armour: Scale mail        ||    22
  Dodge: Dodged            ||    18

Table legend: (Time is in decaauts)
 A = Elapsed time spent in this place.
 B = Non-inter-level travel time spent in this place.
 C = Inter-level travel time spent in this place.
 D = Time resting spent in this place.
 E = Time spent auto-exploring this place.
 F = Levels seen in this place.
 G = Mean time per level.
                   A        B        C        D        E       F      G
               +--------+--------+--------+--------+--------+-----+--------+
         Total |    773 |    773 |      0 |      0 |    584 |   2 |  386.5 |
       Dungeon |    773 |    773 |      0 |      0 |    584 |   2 |  386.5 |
               +--------+--------+--------+--------+--------+-----+--------+

Top non-repeatable levels by time:
     D:1: 647 daAuts
     D:2: 125 daAuts
